AoeStats
← 关灯吃面

Arena

509570081Analyzed
1v1 RM · 6d ago on Sep 27, 2026· 43m 32s· 2 players
Game mode
Random Map
Map size
Tiny (2 player)
Population
200
Speed
Normal
Resources
Standard
Victory
Conquest
Starting age
Dark Age
Ending age
Imperial Age
RankedLock teamsTeams togetherTeam positionsShared explorationLock speedFull tech treeHidden civsTurbo modeCheats
Victory
Defeat
🇹🇼 Persians · Taiwan
825
+39
🇨🇳 Malians · China
900
-55
TingA
7:55 Loom
11:04 Feudal Age
15:52 Castle Age
13:54 Double-Bit Axe
14:24 Horse Collar
23:26 Gold Mining
24:38 Stone Mining
25:44 Wheelbarrow
25:45 Heavy Plow
26:58 Hand Cart
27:07 Town Watch
31:32 Imperial Age
29:45 Bow Saw
29:40 Town Patrol
30:44 Scale Barding Armor
31:59 Chain Barding Armor
31:51 Forging
32:58 Gold Shaft Mining
33:00 Stone Shaft Mining
32:54 Husbandry
34:02 Two-Man Saw
33:07 Fletching
33:38 Bloodlines
34:08 Cavalier
35:48 Crop Rotation
35:50 Conscription
36:45 Chemistry
36:23 Iron Casting
36:34 Savar
38:24 Hoardings
39:24 Thumb Ring
39:40 Scale Mail Armor
39:40 Padded Archer Armor
39:36 Bodkin Arrow
40:38 Plate Barding Armor
42:29 Capped Ram
42:48 Crossbowman
43:58 Leather Archer Armor
43:58 Chain Mail Armor
44:46 Blast Furnace
关灯吃面
9:58 Feudal Age
13:20 Double-Bit Axe
20:04 Castle Age
18:34 Horse Collar
20:07 Gold Mining
20:08 Stone Mining
32:19 Stone Shaft Mining
32:19 Gold Shaft Mining
32:15 Tigui
32:45 Bow Saw
32:57 Pikeman
33:37 Squires
33:40 Loom
34:30 Wheelbarrow
33:40 Town Watch
34:12 Forging
34:03 Scale Mail Armor
34:08 Scale Barding Armor
34:03 Padded Archer Armor
33:54 Fletching
35:21 Heavy Plow
40:30 Imperial Age
38:24 Chain Barding Armor
38:19 Chain Mail Armor
38:19 Leather Archer Armor
38:00 Bodkin Arrow
38:40 Iron Casting
39:07 Hand Cart
39:50 Iron Casting
39:10 Bodkin Arrow
40:45 Husbandry
41:15 Cavalier
Connection lost

Rejoining the realm…

Still unreachable

The connection could not be restored.

Session expired

The server has moved on; the page needs a fresh start.